 Dungeon Crawl Stone Soup version 0.24.0-123-gd5b16e6ec5 (webtiles) character file.

Game seed: 12049309174279100996, levelgen mode: deterministic

87 Mrkan the Skirmisher (level 4, -3/29 HPs)
             Began as a Gargoyle Fighter on Jan 21, 2020.
             Was an Initiate of Fedhas.
             Killed from afar by an orc wizard (5 damage)
             ... with a puff of frost
             ... on level 3 of the Dungeon.
             The game lasted 00:03:06 (1605 turns).

Mrkan the Skirmisher (Gargoyle Fighter)             Turns: 1605, Time: 00:03:06

Health: -3/29      AC: 14    Str: 20    XL:     4   Next: 51%
Magic:  4/4        EV:  5    Int:  9    God:    Fedhas [......]
Gold:   131        SH:  9    Dex:  9    Spells: 3/3 levels left

rFire    . . .     SeeInvis .   a - +0 flail
rCold    . . .     Gourm    .   c - +0 shield
rNeg     + . .     Faith    .   o - +0 chain mail
rPois    ∞         Spirit   .   (no helmet)
rElec    +         Reflect  .   (no cloak)
rCorr    .         Harm     .   (no gloves)
MR       .....                  b - +0 pair of boots
Stlth    ..........             (no amulet)
HPRegen  0.09/turn              (no ring)
MPRegen  0.09/turn              (no ring)

@: no status effects
A: negative energy resistance 1, electricity resistance, unbreathing,
petrification resistance, rot immunity, AC +3
a: Renounce Religion


You were on level 3 of the Dungeon.
You worshipped Fedhas.
Fedhas was noncommittal.
You were not hungry.

You visited 1 branch of the dungeon, and saw 3 of its levels.

You collected 131 gold pieces.

Inventory:

Hand Weapons
 a - a +0 flail (weapon)
Armour
 b - a +0 pair of boots (worn)
 c - a +0 shield (worn)
 o - a +0 chain mail (worn)
Scrolls
 e - a scroll of magic mapping {unknown}
 g - a scroll of enchant weapon {unknown}
 h - 2 scrolls of remove curse {unknown}
 i - 6 scrolls of identify {unknown}
 k - a scroll of noise {unknown}
Potions
 d - 2 potions of might
 j - a potion of lignification {unknown}
 l - a potion of brilliance {unknown}
 n - a potion of degeneration {unknown}
Comestibles
 f - 4 rations
 m - 7 chunks of flesh


   Skills:
 + Level 3.9 Fighting
 * Level 3.2 Maces & Flails
 + Level 3.8 Armour
 + Level 3.8 Shields


You had 3 spell levels left.
You didn't know any spells.
Your spell library was empty.

Dungeon Overview and Level Annotations

Branches:
Dungeon (3/15)

Altars:
Fedhas


Innate Abilities, Weirdness & Mutations

You are resistant to torment.
Your stone body is resilient. (AC +3)
You are immune to poison.
You resist negative energy. (rN+)
You are resistant to electric shocks. (rElec)
You can survive without breathing.
You are immune to petrification.
You are immune to rotting.


Message History

* * * LOW HITPOINT WARNING * * *
An orc comes into view. It is wielding a +0 dagger.
The orc wizard casts a spell.
The orc wizard seems to speed up.
The orc wizard points at you and mumbles some strange words.
The puff of flame hits you.
* * * LOW HITPOINT WARNING * * *
The orc wizard gestures at you while chanting.
You block the puff of flame.
Things that are here:
an adder skeleton; a hobgoblin skeleton The orc priest mumbles some strange prayers to Beogh against you.
Pain shoots through your body!
* * * LOW HITPOINT WARNING * * *
There is an open door here.
The orc wizard hits you but does no damage.
The orc wizard points at you and mumbles some strange words.
The puff of frost hits you.
You die...
Fedhas appreciates your contribution to the ecosystem.

#.......##.o.......####..
#.......'÷..o..o....#
#......o##..........#
#.......##..^.......#
........o#..........#
#.######.##########.# .
#o# .# #############.# .#
#...........#@#
#......####<#.#
##..##.######.#
#..##........#
#..########### #.<#
##.####### #.÷.......
##########


You could see an orc priest, an orc wizard and an orc.

Vanquished Creatures
  Jessica (D:2)
  3 adders
  A dart slug (D:2)
  2 leopard geckos (D:1)
  7 goblins
  4 hobgoblins
  6 bats
  3 frilled lizards
  2 kobolds
  A rat (D:1)
30 creatures vanquished.

Notes
Turn   | Place    | Note
-------+----------+-------------------------------------------
     0 | D:1      | Mrkan the Gargoyle Fighter began the quest for the Orb.
     0 | D:1      | Reached XP level 1. HP: 14/14 MP: 1/1
   131 | D:1      | Reached XP level 2. HP: 19/19 MP: 2/2
   783 | D:2      | Reached XP level 3. HP: 23/23 MP: 3/3
  1041 | D:2      | Found a blossoming altar of Fedhas.
  1200 | D:2      | Became a worshipper of Fedhas Madash
  1349 | D:2      | Noticed Jessica
  1354 | D:2      | Killed Jessica
  1354 | D:2      | Reached XP level 4. HP: 29/29 MP: 4/4
  1598 | D:3      | HP: 1/29 [orc priest/nerve-wracking pain (2)]
  1605 | D:3      | Killed from afar by an orc wizard

Levels and vault maps discovered:
D:1:      wander_arrival_fairy_ring, layout_rooms
D:2:      wander_river, layout_basic, first_ration, fedhas_altar_1, uniq_jessica
D:3:      layout_basic, lemuel_crystal_altar, moated_statue, minmay_between

Skill      XL: |  1  2  3 |
---------------+----------+-----
Maces & Flails | 3 |  3.2
Fighting       | |  3.9
Armour         | |  3.8
Shields        | |  3.8

Action                   |  1- 3 |  4- 6 || total
-------------------------+-------+-------++-------
Melee: Flail             |   127 |    29 ||   156
  Eat: Ration            |       |     1 ||     1
Armor: Scale mail        |    85 |       ||    85
       Chain mail        |    27 |    25 ||    52
Dodge: Dodged            |    53 |     7 ||    60
Block: Shield            |    86 |    12 ||    98
